[ AOE2 MATCH · #513675281 ]
UnrankedPersians vs Koreans
Player's team · LOSS
Rival team · WIN
[ REPLAY ANALYSIS · EXTRACTED FROM THE RECORDED GAME ]
Feudal
15:28
Castle
—
Imperial
—
| APM avg | 21.2 |
| APM peak | 101 |
| eAPM avg | 16.6 |
| Villagers / military | 24 / 0 |
Focus
⚔️ 25.8% · 🌾 74.2%
Feudal
—
Castle
—
Imperial
—
| APM avg | 31.0 |
| APM peak | 48 |
| eAPM avg | 9.6 |
| Villagers / military | 25 / 0 |
Focus
⚔️ 27.0% · 🌾 73.0%
Match map
Initial resources + every placement click. Lines = walls · curves = elevation contours. ◆ gold · ⬟ stone · ● berries · ✦ relic · ◌ wall gap
Your base· Open — unwalled flank
GdN_Steiner's base· Open — unwalled flank
Smoothed initial terrain · ◌ = detected wall gap · hover for details
Inputs per minute
— MITOELMEJOR - - GdN_Steiner
Build order — MITOELMEJOR
40 actions detected in the replay
| 0:02 | Build | House |
| 0:03 | Build | House |
| 0:06 | Build | House |
| 0:07 | Queue | Villager (Male) |
| 0:07 | Queue | Villager (Male) |
| 0:07 | Queue | Villager (Male) |
| 0:08 | Queue | Villager (Male) |
| 0:08 | Queue | Villager (Male) |
| 1:34 | Queue | Villager (Male) |
| 2:19 | Queue | Villager (Male) |
| 2:50 | Queue | Villager (Male) |
| 3:17 | Queue | Villager (Male) |
| 4:05 | Queue | Villager (Male) |
| 4:07 | Research | Loom |
| 4:07 | Queue | Villager (Male) |
| 4:08 | Queue | Villager (Male) |
| 5:17 | Build | Town Center |
| 6:31 | Queue | Villager (Male) |
| 7:29 | Queue | Villager (Male) |
| 7:30 | Queue | Villager (Male) |
| 8:51 | Queue | Villager (Male) |
| 9:06 | Queue | Villager (Male) |
| 9:13 | Queue | Villager (Male) |
| 10:02 | Queue | Villager (Male) |
| 10:31 | Queue | Villager (Male) |
| 10:31 | Queue | Villager (Male) |
| 11:13 | Queue | Villager (Male) |
| 11:26 | Build | House |
| 11:31 | Queue | Villager (Male) |
| 12:28 | Build | Lumber Camp |
| 12:52 | Queue | Villager (Male) |
| 13:08 | Build | Mining Camp |
| 13:24 | Research | Feudal Age |
| 14:14 | Build | House |
| 14:21 | Build | Palisade Wall |
| 14:26 | Build | House |
| 14:33 | Build | Barracks |
| 15:04 | Build | Palisade Wall |
| 15:08 | Build | Palisade Wall |
| 15:28 | Age | Feudal Age |
Build order — GdN_Steiner
65 actions detected in the replay
| 0:04 | Build | House |
| 0:07 | Build | House |
| 0:09 | Queue | Villager (Male) |
| 0:09 | Queue | Villager (Male) |
| 0:09 | Queue | Villager (Male) |
| 0:09 | Queue | Villager (Male) |
| 1:35 | Queue | Villager (Male) |
| 2:15 | Queue | Villager (Male) |
| 3:03 | Research | Loom |
| 3:34 | Queue | Villager (Male) |
| 3:34 | Queue | Villager (Male) |
| 3:34 | Queue | Villager (Male) |
| 3:35 | Queue | Villager (Male) |
| 4:43 | Build | House |
| 5:05 | Queue | Villager (Male) |
| 5:05 | Queue | Villager (Male) |
| 5:05 | Queue | Villager (Male) |
| 6:20 | Build | House |
| 6:44 | Build | Mill |
| 7:25 | Build | Lumber Camp |
| 8:00 | Build | Palisade Wall |
| 8:04 | Build | Palisade Wall |
| 8:07 | Build | Palisade Wall |
| 8:11 | Build | Palisade Wall |
| 8:16 | Build | Palisade Wall |
| 8:21 | Queue | Villager (Male) |
| 8:22 | Queue | Villager (Male) |
| 8:41 | Build | Palisade Wall |
| 8:45 | Build | Palisade Wall |
| 9:14 | Build | Palisade Wall |
| 9:18 | Build | Palisade Wall |
| 9:22 | Build | Palisade Wall |
| 9:25 | Build | Palisade Wall |
| 9:28 | Build | Palisade Wall |
| 9:31 | Build | Palisade Wall |
| 9:34 | Build | Palisade Wall |
| 9:59 | Build | Town Center |
| 10:12 | Build | Palisade Wall |
| 10:15 | Build | Palisade Wall |
| 10:21 | Build | Palisade Wall |
| 10:23 | Build | Palisade Wall |
| 10:25 | Build | Palisade Wall |
| 10:43 | Build | Palisade Wall |
| 11:26 | Build | Palisade Wall |
| 11:53 | Queue | Villager (Male) |
| 11:53 | Queue | Villager (Male) |
| 11:54 | Queue | Villager (Male) |
| 11:54 | Queue | Villager (Male) |
| 12:12 | Build | Palisade Wall |
| 12:20 | Build | Palisade Wall |
| 12:41 | Build | Palisade Wall |
| 12:56 | Build | House |
| 13:09 | Build | Palisade Wall |
| 13:12 | Queue | Villager (Male) |
| 13:12 | Queue | Villager (Male) |
| 13:35 | Build | Barracks |
| 13:45 | Build | House |
| 13:48 | Build | Palisade Wall |
| 14:09 | Queue | Villager (Male) |
| 14:09 | Queue | Villager (Male) |
| 14:43 | Build | Mill |
| 14:51 | Build | Mill |
| 15:02 | Build | Palisade Wall |
| 15:19 | Queue | Villager (Male) |
| 15:19 | Queue | Villager (Male) |
Match timeline
| 8:00 | GdN_Steiner · wall_segment Palisade Wall x1 |
| 8:04 | GdN_Steiner · wall_segment Palisade Wall x1 |
| 8:07 | GdN_Steiner · wall_segment Palisade Wall x1 |
| 8:11 | GdN_Steiner · wall_segment Palisade Wall x1 |
| 8:16 | GdN_Steiner · wall_segment Palisade Wall x1 |
| 8:41 | GdN_Steiner · wall_segment Palisade Wall x1 |
| 8:45 | GdN_Steiner · wall_segment Palisade Wall x1 |
| 9:14 | GdN_Steiner · wall_segment Palisade Wall x1 |
| 9:18 | GdN_Steiner · wall_segment Palisade Wall x1 |
| 9:22 | GdN_Steiner · wall_segment Palisade Wall x1 |
| 9:25 | GdN_Steiner · wall_segment Palisade Wall x1 |
| 9:28 | GdN_Steiner · wall_segment Palisade Wall x1 |
| 9:31 | GdN_Steiner · wall_segment Palisade Wall x1 |
| 9:34 | GdN_Steiner · wall_segment Palisade Wall x1 |
| 10:12 | GdN_Steiner · wall_segment Palisade Wall x1 |
| 10:15 | GdN_Steiner · wall_segment Palisade Wall x1 |
| 10:21 | GdN_Steiner · wall_segment Palisade Wall x1 |
| 10:23 | GdN_Steiner · wall_segment Palisade Wall x1 |
| 10:25 | GdN_Steiner · wall_segment Palisade Wall x1 |
| 10:43 | GdN_Steiner · wall_segment Palisade Wall x1 |
| 11:26 | GdN_Steiner · wall_segment Palisade Wall x1 |
| 12:12 | GdN_Steiner · wall_segment Palisade Wall x1 |
| 12:20 | GdN_Steiner · wall_segment Palisade Wall x1 |
| 12:41 | GdN_Steiner · wall_segment Palisade Wall x1 |
| 13:09 | GdN_Steiner · wall_segment Palisade Wall x1 |
| 13:35 | GdN_Steiner · first_building Barracks |
| 13:48 | GdN_Steiner · wall_segment Palisade Wall x1 |
| 14:21 | MITOELMEJOR · wall_segment Palisade Wall x5 |
| 14:33 | MITOELMEJOR · first_building Barracks |
| 15:02 | GdN_Steiner · wall_segment Palisade Wall x1 |
| 15:04 | MITOELMEJOR · wall_segment Palisade Wall x1 |
| 15:08 | MITOELMEJOR · wall_segment Palisade Wall x1 |
| 15:28 | MITOELMEJOR · age_up feudal |
| 15:57 | MITOELMEJOR · resign |
[ AI ANALYSIS · 1 CREDIT ]
What really happened in this match?
Wolo.gg analyzes every decision: build order, eco, micro, common mistakes by bracket. Personalized analysis on WhatsApp or Discord in 30 seconds.
Civ guide
Persians
Perfil
Jugador #23999929